 Dungeon Crawl Stone Soup version 0.27.1-33-g824d729ab1 (webtiles) character file.

Game seed: 314507489841366558

93 Gabide the Insei (level 4, -3/35 HPs)
             Began as a Demonspawn Monk on Nov 29, 2021.
             Slain by a goblin (5 damage)
             ... led by Robin
             ... on level 3 of the Dungeon.
             The game lasted 00:04:56 (3323 turns).

Gabide the Insei (Demonspawn Monk)                  Turns: 3323, Time: 00:04:57

Health: -3/35      AC:  3    Str: 12    XL:     4   Next: 37%
Magic:  4/4        EV: 13    Int: 11    God:
Gold:   57         SH:  0    Dex: 16    Spells: 3/3 levels left

rFire    . . .     SeeInvis .     - Unarmed
rCold    . . .     Faith    .   (no shield)
rNeg     . . .     Spirit   .   a - +0 robe
rPois    .         Reflect  .   (no helmet)
rElec    .         Harm     .   (no cloak)
rCorr    .         Rampage  .   (no gloves)
Will     .....                  (no boots)
Stlth    ++........             l - amulet of the acrobat
HPRegen  0.11/turn              (no ring)
MPRegen  0.09/turn              (no ring)

@: attractive, flying
A: talons 1, sharp scales 1
a: no special abilities


You were on level 3 of the Dungeon.
You visited 1 branch of the dungeon, and saw 3 of its levels.

You collected 57 gold pieces.

Inventory:

Missiles
 d - 2 throwing nets (quivered)
Armour
 a - a +0 robe (worn)
Jewellery
 h - an amulet of the acrobat
 l - an amulet of the acrobat (around neck)
Scrolls
 g - a scroll of teleportation {unknown}
 i - a scroll of vulnerability {unknown}
 j - a scroll of magic mapping {unknown}
 k - a scroll of brand weapon {unknown}
Potions
 b - 2 potions of flight
 c - a potion of attraction
 e - a potion of curing {unknown}
 f - 2 potions of mutation {unknown}


   Skills:
 + Level 3.4 Fighting
 + Level 3.1 Dodging
 + Level 2.5 Stealth
 + Level 3.7 Unarmed Combat


You had 3 spell levels left.
You didn't know any spells.
Your spell library contained the following spells:

 Spells                   Type           Power      Damage    Failure   Level
 Ensorcelled Hibernation  Hex/Ice        0%         N/A       47%         2
 Spider Form              Tmut/Pois      0%         N/A       71%         3
 Shadow Creatures         Summ           N/A        N/A       100%        6


Dungeon Overview and Level Annotations

Branches:
Dungeon (3/15)

Altars:

Annotations:
D:3 Robin


Innate Abilities, Weirdness & Mutations

You have sharp toenails.
You are partially covered in razor-sharp scales. (AC +1, Slay +1)


Message History

Robin hits you with a +0 spear. The goblin hits you but does no damage.
You hit Robin but do no damage.
Robin is moderately wounded.
The hobgoblin no longer looks unusually strong.
The goblin no longer looks unusually strong.
Robin flexes a bicep menacingly.
Robin hits you but does no damage. The goblin misses you.
You closely miss Robin. Your kick misses Robin.
Robin is moderately wounded.
The goblin no longer looks unusually strong.
Robin misses you. The goblin hits you with a +0 dagger.
You hit Robin. Your kick misses Robin.
Robin is moderately wounded.
Robin says, "My goblins will feast on your bones."
Robin misses you. The goblin hits you with a +0 dagger.
You hit Robin.
Robin is severely wounded.
Robin closely misses you. The goblin hits you with a +0 dagger.
You closely miss Robin.
Robin is heavily wounded.
Robin hits you with a +0 spear. The goblin closely misses you.
You barely miss Robin. You claw Robin.
Robin is almost dead.
Robin roars a battlecry!
The goblins go into a battle-frenzy!
You barely miss Robin. Your kick misses Robin.
Robin is almost dead.
The goblin hits you with a +0 dagger.
* * * LOW HITPOINT WARNING * * *
Robin hits you with a +0 spear.
* * * LOW HITPOINT WARNING * * *
It was a potion of flight.
You feel very buoyant.
You fly up into the air.
The goblin hits you with a +0 dagger.
* * * LOW HITPOINT WARNING * * *
Robin misses you.
It was a potion of attraction.
You feel attractive to monsters. The goblin hits you with a +0 dagger.
You die...

.......)......# .
#####...b.....##..
.................>
..............##
#####.....g...#
#.##'#g#+##
#.#<.gg# #.##.#g#
#. #.#@# #.#.g.#
#....## ####.# .#
.# .# .#


You could see Robin, 2 hobgoblins, 3 goblins and a bat.

Vanquished Creatures
  3 gnolls (D:2)
  2 worms
  A dart slug (D:2)
  6 endoplasms
  2 giant cockroaches (D:1)
  7 goblins
  8 hobgoblins
  4 jackals (D:1)
  A kobold (D:1)
  5 quokkas
  2 ball pythons
  3 bats
  2 frilled lizards (D:1)
  3 rats (D:2)
49 creatures vanquished.

Notes
Turn   | Place    | Note
-------+----------+-------------------------------------------
     0 | D:1      | Gabide the Demonspawn Monk began the quest for the Orb.
     0 | D:1      | Reached XP level 1. HP: 18/18 MP: 1/1
   222 | D:1      | Gained mutation: You have sharp toenails. [demonic
                  | ancestry]
   222 | D:1      | Reached XP level 2. HP: 20/24 MP: 2/2
  1568 | D:2      | Reached XP level 3. HP: 14/29 MP: 3/3
  2694 | D:2      | Gained mutation: You are partially covered in razor-sharp
                  | scales. (AC +1, Slay +1) [demonic ancestry]
  2694 | D:2      | Reached XP level 4. HP: 29/35 MP: 4/4
  2856 | D:2      | Noticed a golden eye
  2858 | D:2      | Found a faded altar of an unknown god.
  2860 | D:2      | Noticed a floating eye
  2860 | D:2      | Noticed a shining eye
  2860 | D:2      | Noticed a golden eye
  2908 | D:2      | You fall into a shaft and drop 1 floor!
  3293 | D:3      | Noticed Robin
  3323 | D:3      | Slain by a goblin

Illustrated notes

Levels and vault maps discovered:
D:1:      dpeg_cavernosity, layout_basic
D:2:      layout_loops_ring, hellmonk_ecumenical_altar_watching_god,
          grunt_ministairs_4, minmay_quantized
D:3:      cheibrodos_pilgrimage, layout_basic, nicolae_uskayaw_suspiria,
          mainiacjoe_overflow_catwalk_spiral, uniq_jessica, uniq_robin

Skill      XL: |  1  2 |
---------------+-------+-----
Unarmed Combat | 3 |  3.7
Stealth        | 2 |  2.5
Dodging        | 3 |  3.1
Fighting       | |  3.4

Action                   |  1- 3 |  4- 6 || total
-------------------------+-------+-------++-------
Melee: Unarmed           |   124 |    42 ||   166
       Kick              |    24 |    12 ||    36
  Use: Scroll            |     2 |       ||     2
       Potion            |       |     2 ||     2
 Stab: Sleeping          |     8 |     1 ||     9
Armor: Robe              |     7 |     6 ||    13
Dodge: Dodged            |    63 |    25 ||    88
